AoeStats
← Mr Diniz

Black Forest

510142764Analyzed
4v4 RM · 4d ago on Sep 29, 2026· 44m 13s· 8 players
Game mode
Random Map
Map size
Large (8 player)
Population
200
Speed
Normal
Resources
Standard
Victory
Conquest
Starting age
Dark Age
Ending age
Imperial Age
RankedLock teamsTeams togetherTeam positionsShared explorationLock speedFull tech treeHidden civsTurbo modeCheats
Victory
Defeat
🇹🇷 Celts · Türkiye
1565
+15
🇦🇹 Poles · Austria
1495
+18
🇧🇷 Malay · Brazil
1486
+19
🇦🇹 Vietnamese · Austria
1451
+20
🇮🇹 Aztecs · Italy
1589
-20
🇩🇪 Wei · Germany
1547
-18
🇬🇧 Tupi · United Kingdom
1541
-18
🇮🇹 Chinese · Italy
1498
-16
Humble Villager
7:03 Loom
9:19 Feudal Age
9:52 Double-Bit Axe
9:58 Champi Runner
10:44 Arson
13:30 Horse Collar
19:50 Castle Age
21:43 Wheelbarrow
21:57 Bow Saw
24:12 Heavy Plow
25:25 Squires
29:19 Fletching
30:40 Town Watch
32:05 Bodkin Arrow
32:30 Hand Cart
34:24 Pikeman
37:53 Imperial Age
35:57 Forging
35:48 Scale Mail Armor
37:20 Iron Casting
37:30 Ballistics
38:59 Conscription
39:16 Chain Mail Armor
38:27 Halberdier
39:40 Champi Warrior
41:15 Plate Mail Armor
Lharien
10:55 Feudal Age
11:51 Double-Bit Axe
14:32 Castle Age
12:27 Horse Collar
16:08 Bow Saw
16:50 Heavy Plow
19:12 Wheelbarrow
20:19 Gold Mining
20:35 Loom
22:39 Hand Cart
22:24 Stone Mining
28:09 Imperial Age
25:24 Treadmill Crane
25:48 Scale Mail Armor
25:58 Forging
25:50 Fletching
26:00 Padded Archer Armor
26:16 Scale Mail Armor
26:26 Forging
26:46 Devotion
27:13 Bodkin Arrow
27:34 Leather Archer Armor
27:40 Ballistics
28:14 Chain Mail Armor
28:53 Bracer
29:54 Chemistry
29:52 Parthian Tactics
29:59 Ring Archer Armor
30:44 Thumb Ring
31:07 Bloodlines
30:57 Husbandry
31:52 Masonry
32:22 Conscription
32:31 Ming Guang Armor
33:33 Tuntian
34:10 Hoardings
34:15 Iron Casting
34:37 Coinage
34:16 Pikeman
34:57 Squires
35:35 Halberdier
37:12 Crop Rotation
37:44 Banking
38:57 Blast Furnace
Zoccolo Fitusu
7:02 Loom
10:07 Feudal Age
10:37 Double-Bit Axe
10:37 Horse Collar
17:24 Castle Age
16:05 Gold Mining
18:36 Bow Saw
20:28 Sanctity
23:08 Wheelbarrow
22:49 Atonement
31:58 Imperial Age
29:54 Scale Mail Armor
30:05 Forging
29:36 Eagle Warrior
30:02 Arson
31:01 Squires
31:38 Fervor
32:02 Chain Mail Armor
32:23 Iron Casting
33:38 Pikeman
34:31 Elite Eagle Warrior
35:42 Plate Mail Armor
38:15 Hand Cart
38:25 Garland Wars
38:28 Conscription
38:56 Illumination
39:58 Blast Furnace
40:17 Caravan
Evol_
0:26 Loom
14:24 Feudal Age
14:45 Horse Collar
14:52 Double-Bit Axe
21:15 Castle Age
19:48 Gold Mining
26:34 Wheelbarrow
26:32 Bow Saw
27:35 Heavy Plow
28:13 Fortified Wall
31:17 Caravan
32:35 Fletching
35:23 Imperial Age
33:38 Scale Mail Armor
33:38 Padded Archer Armor
33:49 Forging
33:34 Bodkin Arrow
34:27 Squires
35:10 Bodkin Arrow
35:30 Leather Archer Armor
36:25 Coinage
36:30 Bracer
37:37 Chemistry
36:58 Ballistics
36:53 Thumb Ring
37:49 Leather Archer Armor
38:44 Ballistics
37:57 Capped Ram
39:28 Elite Chu Ko Nu
40:51 Conscription
39:53 Siege Ram
42:28 Bombard Tower
44:35 Ring Archer Armor
DeadlyEfficiency
0:45 Loom
14:11 Feudal Age
19:01 Castle Age
17:54 Horse Collar
18:09 Double-Bit Axe
27:44 Bow Saw
28:15 Heavy Plow
33:03 Imperial Age
31:04 Scale Mail Armor
32:25 Chain Mail Armor
33:14 Wheelbarrow
37:24 Conscription
38:21 Lechitic Legacy
37:27 Light Cavalry
38:18 Bloodlines
38:17 Winged Hussar
39:07 Husbandry
39:14 Scale Barding Armor
40:07 Hand Cart
42:17 Chain Barding Armor
Hector
11:23 Feudal Age
12:27 Double-Bit Axe
14:53 Castle Age
13:45 Horse Collar
15:51 Bow Saw
15:41 Heavy Plow
22:57 Wheelbarrow
24:29 Gold Mining
24:30 Stone Mining
25:09 Loom
25:48 Hand Cart
29:03 Imperial Age
26:52 Scale Barding Armor
28:25 Chain Barding Armor
28:16 Forging
27:58 Stone Mining
28:42 Bloodlines
28:55 Chatras
28:58 Husbandry
29:08 Devotion
29:11 Onager
30:05 Town Watch
30:56 Plate Barding Armor
31:25 Faith
30:33 Light Cavalry
32:40 Elite Battle Elephant
35:29 Chemistry
36:15 Two-Man Saw
35:46 Crop Rotation
36:20 Iron Casting
36:22 Coinage
35:40 Capped Ram
37:23 Siege Engineers
37:54 Banking
38:24 Fletching
38:34 Padded Archer Armor
38:55 Ballistics
39:36 Bodkin Arrow
39:53 Masonry
39:12 Elite Rattan Archer
41:29 Paper Money
42:24 Bracer
42:39 Leather Archer Armor
42:32 Thumb Ring
44:37 Hoardings
44:35 Ring Archer Armor
Tilikoglu
4:01 Loom
11:21 Feudal Age
15:09 Castle Age
13:16 Double-Bit Axe
13:12 Horse Collar
17:43 Wheelbarrow
22:02 Bow Saw
22:03 Heavy Plow
22:59 Gold Mining
23:04 Stone Mining
26:03 Hand Cart
31:31 Imperial Age
29:56 Gold Shaft Mining
29:57 Stone Shaft Mining
29:41 Scale Mail Armor
29:51 Forging
30:50 Chain Mail Armor
31:26 Stronghold
32:31 Iron Casting
31:38 Capped Ram
33:31 Plate Mail Armor
32:33 Pikeman
32:59 Arson
32:59 Gambesons
34:04 Conscription
33:37 Halberdier
34:41 Onager
34:58 Onager
37:53 Furor Celtica
39:02 Ballistics
39:42 Chemistry
38:48 Siege Engineers
38:54 Masonry
38:40 Murder Holes
41:13 Blast Furnace
42:12 Siege Onager
43:53 Siege Ram
Mr Diniz
0:50 Loom
12:08 Feudal Age
13:54 Double-Bit Axe
16:19 Castle Age
16:28 Bow Saw
24:05 Wheelbarrow
26:06 Horse Collar
26:58 Forging
30:51 Imperial Age
29:20 Iron Casting
29:29 Thalassocracy
29:31 Arson
29:46 Squires
31:19 Blast Furnace
30:40 Conscription
30:01 Elite Karambit Warrior
31:48 Scale Barding Armor
32:24 Hand Cart
32:24 Elite Battle Elephant
33:05 Husbandry
34:56 Coinage
34:33 Heavy Plow
37:57 Caravan
43:29 Banking
43:09 Guilds
42:52 Gold Mining
43:35 Crop Rotation
Connection lost

Rejoining the realm…

Still unreachable

The connection could not be restored.

Session expired

The server has moved on; the page needs a fresh start.